 Dungeon Crawl Stone Soup version 0.19-a0-706-g03de5d9 (webtiles) character file.

55 Gospel the Magician (level 3, -1/26 HPs)
             Began as a Ghoul Wizard on June 19, 2016.
             Slain by a gnoll (4 damage)
             ... on level 2 of the Dungeon.
             The game lasted 00:06:56 (1819 turns).

Gospel the Magician (Ghoul Wizard)                  Turns: 1819, Time: 00:06:57

Health: -1/26      AC:  2    Str:  7 (10) XL:     3   Next: 93%
Magic:  4/6        EV: 11    Int: 12 (14) God:
Gold:   56         SH:  0    Dex:  4 (7)  Spells: 1 memorised, 7 levels left

rFire  + . .     SeeInvis .     o - +2 hand axe (chop)
rCold  + + .     Gourm    .     a - +0 robe
rNeg   + + +     Faith    .     (no shield)
rPois  ∞         Spirit   .     b - +0 hat
rElec  +         Dismiss  .     (no cloak)
rCorr  +         Reflect  .     (no gloves)
SustAt .         Harm     .     (no boots)
MR     .....                    r - amulet of inaccuracy (curse)
Stlth  +.........               (no ring)
                                (no ring)

@: resistant, rotting, not resistant to hostile enchantments, very unstealthy
A: rotting body, claws 1, carnivore 3, cold resistance 1, negative energy
resistance 3, slow regeneration 1, torment resistance, unbreathing
a: no special abilities


You were on level 2 of the Dungeon.
You were not hungry.

You visited 1 branch of the dungeon, and saw 2 of its levels.

You collected 56 gold pieces.

Inventory:

Hand Weapons
 o - a +2 hand axe of chopping (weapon)
Armour
 a - a +0 robe (worn)
 b - a +0 hat (worn)
Jewellery
 r - a cursed amulet of inaccuracy (around neck)
Scrolls
 i - 2 scrolls of fog
Potions
 e - a potion of magic
Books
 c - a book of Minor Magic

   Spells                             Type                      Level
   a - Magic Dart                     Conjuration                  1
   b - Blink                          Translocation                2
   c - Call Imp                       Summoning                    2
   d - Repel Missiles                 Charms/Air                   2
   e - Slow                           Hexes                        2
   f - Conjure Flame                  Conjuration/Fire             3
   g - Mephitic Cloud                 Conjuration/Poison/Air       3
 l - a book of Changes

   Spells                             Type                      Level
   a - Beastly Appendage              Transmutation                1
   b - Sticks to Snakes               Transmutation                2
   c - Spider Form                    Transmutation/Poison         3
   d - Ice Form                       Ice/Transmutation            4
   e - Blade Hands                    Transmutation                5
Comestibles
 d - 2 meat rations
 g - a slice of pizza
 k - 2 chunks of flesh


   Skills:
 - Level 1.7 Dodging
 - Level 2.1 Stealth
 + Level 3.4 Spellcasting
 + Level 2.1 Conjurations
   Level 0.8 Summonings
   Level 0.8 Translocations


You had 7 spell levels left.
You knew the following spells:

 Your Spells              Type           Power        Failure   Level  Hunger
a - Magic Dart            Conj           #...         12%         1    #......


Dungeon Overview and Level Annotations

Branches:
Dungeon (2/15)

Altars:
Trog


Innate Abilities, Weirdness & Mutations

Your body is rotting away.
You thrive on raw meat.
You are immune to poison.
You have sharp fingernails.
You are carnivorous and can eat meat at any time.
Your flesh is cold resistant. (rC+)
You are immune to negative energy. (rN+++)
You regenerate slowly when monsters are visible.
You are immune to unholy pain and torment.
You can survive without breathing.


Message History

The gnoll barely misses you.
You barely miss the gnoll.
The gnoll is almost dead.
The gnoll hits you with a whip.
It was a potion of degeneration.
There was something very wrong with that liquid.
You feel weakened.
You feel dopey.
You feel clumsy. The gnoll barely misses you.
You closely miss the gnoll.
The gnoll is almost dead.
The gnoll closely misses you. The gnoll hits you with a whip.
You hit the gnoll.
You kill the gnoll!
You miss the gnoll. The gnoll hits you. The gnoll hits you!
You hit the gnoll but do no damage. The gnoll hits you.
You closely miss the gnoll. The gnoll hits you.
* * * LOW HITPOINT WARNING * * *
You barely miss the gnoll. The gnoll barely misses you.
You closely miss the gnoll. The gnoll hits you.
You die...

##.>.# #....# ##...##
##....# ##....## ## (
#...8.# #. . # #.....##
#.##. #. #.#....#######....
.### #@##...##....(...# #
..# #g##....#...(....#
#.#.# #g###.>.#..)......
#.#<#####g..#...#.........
#....((####.#####.........
.##...#.###..##............
.##..#....................
.##..........g.###..##...
#.#.#).......g...........


You could see 3 gnolls.

Vanquished Creatures
  A gnoll (D:2)
  An adder (D:2)
  An ooze (D:2)
  A dart slug (D:2)
  A giant gecko (D:2)
  A ball python (D:1)
  3 bats
  3 giant cockroaches (D:1)
  A goblin (D:2)
  2 hobgoblins (D:2)
  5 kobolds
  9 rats
29 creatures vanquished.

Notes
Turn   | Place    | Note
--------------------------------------------------------------
     0 | D:1      | Gospel the Ghoul Wizard began the quest for the Orb.
     0 | D:1      | Reached XP level 1. HP: 14/14 MP: 3/3
    53 | D:1      | Reached skill level 1 in Conjurations
   430 | D:1      | Reached XP level 2. HP: 20/20 MP: 0/4
   878 | D:1      | Reached skill level 3 in Spellcasting
  1246 | D:2      | Noticed a moth of wrath
  1249 | D:2      | Found a bloodstained altar of Trog.
  1381 | D:2      | Reached XP level 3. HP: 26/26 MP: 1/6
  1819 | D:2      | Slain by a gnoll

Vault maps used:
D:1:      lemuel_arrival_muddy, minivault_23, minmay_fountain_box
D:2:      first_bread, amethyst_killhole, grunt_ministairs_12, tgw_trog

Skill      XL: |  1  2  3 |
---------------+----------+-----
Conjurations   | 1 2 |  2.1
Spellcasting   | 3 |  3.4
Dodging        | |  1.7
Stealth        | |  2.1
Summonings     | |  0.8
Translocations | |  0.8

Action                   || total
-------------------------++-------
Melee: Unarmed           ||    59
       Hand axe          ||    14
 Cast: Magic Dart        ||    58
  Use: Potion            ||     5
       Scroll            ||     3
 Stab: Sleeping          ||     1
  Eat: Chunk             ||    13
Armor: Robe              ||    14
Dodge: Dodged            ||    50
